 Dungeon Crawl Stone Soup version 0.27-a0-1597-ge58577e147 (webtiles) character file.

Game seed: 17764567103065578638

101 Blejac999 the Ducker (level 5, -4/39 HPs)
             Began as a Djinni Gladiator on July 21, 2021.
             Slain by Terence (9 damage)
             ... on level 1 of the Dungeon.
             The game lasted 00:06:55 (3169 turns).

Blejac999 the Ducker (Djinni Gladiator)             Turns: 3169, Time: 00:06:56

Health: -4/39      AC:  5    Str: 14    XL:     5   Next: 4%
Gold:   90         EV: 13    Int:  9    God:
                   SH:  0    Dex: 15

rFire    + + .     SeeInvis .   a - +0 long sword
rCold    x . .     Faith    +   (no shield)
rNeg     . . .     Spirit   .   b - +0 leather armour
rPois    ∞         Reflect  .   c - +1 helmet
rElec    .         Harm     .   (no cloak)
rCorr    .         Rampage  .   (no gloves)
Will     .....                  (boots unavailable)
Stlth    +.........             e - amulet of faith
HPRegen  0.13/turn              (no ring)
MPRegen  0.00/turn              (no ring)

@: flying
A: sickness immunity, fire resistance 2, cold vulnerability 1, float, innate
caster, hp casting, extra vitality 1
a: no special abilities


You were on level 1 of the Dungeon.
You visited 1 branch of the dungeon, and saw 3 of its levels.

You collected 90 gold pieces.

Inventory:

Hand Weapons
 a - a +0 long sword (weapon)
Armour
 b - a +0 leather armour (worn)
 c - a +1 helmet (worn)
Jewellery
 e - an amulet of faith (around neck)
Potions
 d - 2 potions of degeneration {unknown}


   Skills:
 + Level 2.3 Fighting
 + Level 3.8 Long Blades
 + Level 1.5 Throwing
 + Level 1.1 Armour
 + Level 3.8 Dodging
 * Level 0.9 Spellcasting


You had 2 spell levels left.
You knew the following spells:

 Your Spells              Type           Power      Damage    Failure   Level
a - Freeze                Ice            8%         1d3       32%         1
b - Wereblood             Tmut           2%         N/A       43%         2
Your spell library was empty.

Dungeon Overview and Level Annotations

Branches:
Dungeon (3/15)

Altars:
Xom

Annotations:
D:1 Terence


Innate Abilities, Weirdness & Mutations

You are immune to sickness and miasma.
You are immune to poison.
Your flesh is very heat resistant. (rF++)
You are vulnerable to cold. (rC-)
You float through the air rather than walking.
You learn spells naturally, not from books.
Your magical power is your life essence.
You have superior vitality. (+4 HP)


Message History

You hit Terence.
Terence is heavily wounded.
Terence completely misses you.
You riposte.
You hit Terence but do no damage.
Terence is heavily wounded.
Your rat bites Terence but does no damage.
Your kobold hits Terence but does no damage.
You hit Terence but do no damage.
Terence is heavily wounded.
Terence hits you with a +2 mace of draining.
Your rat bites Terence but does no damage.
Your kobold barely misses Terence.
Terence misses you.
Your rat bites Terence.
You hit Terence but do no damage.
Terence is heavily wounded.
Your kobold hits Terence but does no damage.
Your rat bites Terence but does no damage.
Terence hits you with a +2 mace of draining!
Your kobold hits Terence but does no damage.
You completely miss Terence.
Terence is heavily wounded.
Terence hits you with a +2 mace of draining.
Your rat bites Terence but does no damage.
Your kobold hits Terence but does no damage.
You catch the helpless Terence completely off-guard!
You hit Terence.
Terence is severely wounded.
Terence hits you with a +2 mace of draining.
* * * LOW HITPOINT WARNING * * *
Your rat bites Terence but does no damage.
Your kobold barely misses Terence.
You barely miss Terence.
Terence is severely wounded.
Terence hits you with a +2 mace of draining!
* * * LOW HITPOINT WARNING * * *
Your rat barely misses Terence.
Your kobold hits Terence with a +0 short sword.
Unknown command.
You hit Terence but do no damage.
Terence is almost dead.
Terence hits you with a +2 mace of draining!
You die...

.....### #...........#.######
.......## ##.................#
##......## #..............##.##
####.....###......#.#.........#
..###.....##..............#...###
....##....##......#.#.#.........#
#...###(...#..................#.#
##...##....#..........#...#...#.#
<##..##....#...K@r........#...#.#
##..###....#....@.>..##.#.#......
....##....##............#.#.....#
#####....###..............#...#.#
###......# #..............#...#.#
........####.....................
.....#### #...................#.#
###### ####..##..#...##...#...#.#
########.........................


You could see Terence (ally target), a friendly kobold (summoned) and a friendly
rat (summoned).

Vanquished Creatures
  Robin (D:2)
  4 dart slugs
  2 orcs (D:3)
  5 ball pythons
  A bat (D:2)
  4 endoplasms
  A giant cockroach (D:2)
  12 goblins
  12 hobgoblins
  12 jackals
  3 quokkas
  6 kobolds
  2 rats (D:1)
65 creatures vanquished.

Notes
Turn   | Place    | Note
-------+----------+-------------------------------------------
     0 | D:1      | Blejac999 the Djinni Gladiator began the quest for the Orb.
     0 | D:1      | Reached XP level 1. HP: 18/18 MP: 0/0
   261 | D:1      | Reached XP level 2. HP: 23/23 MP: 0/0
  1175 | D:1      | Found a faded altar of an unknown god.
  1318 | D:2      | Noticed Robin
  1320 | D:2      | Reached XP level 3. HP: 26/28 MP: 0/0
  1320 | D:2      | Learned a level 1 spell: Freeze
  1546 | D:2      | Noticed Terence
  2265 | D:2      | Reached XP level 4. HP: 28/33 MP: 0/0
  2483 | D:2      | Reached skill level 1 in Armour
  2514 | D:2      | Killed Robin
  2916 | D:3      | Reached XP level 5. HP: 38/38 MP: 0/0
  2916 | D:3      | Learned a level 2 spell: Wereblood
  2919 | D:3      | Found a shimmering altar of Xom.
  2924 | D:3      | Found a shimmering altar of Xom.
  2924 | D:3      | Found a shimmering altar of Xom.
  2925 | D:3      | Found a shimmering altar of Xom.
  2925 | D:3      | Found a shimmering altar of Xom.
  2928 | D:3      | Found a shimmering altar of Xom.
  2928 | D:3      | Found a shimmering altar of Xom.
  3169 | D:1      | Slain by Terence

Illustrated notes

Levels and vault maps discovered:
D:1:      dpeg_arrival_snail, layout_basic, dilly_ecumenical_altar_fadedgnrine,
          st_stairs_6
D:2:      layout_basic, minmay_cupped, uniq_terence, uniq_robin
D:3:      layout_loops_ring, nicolae_xom_altar_mimics

Skill      XL: |  1  2  3  4 |
---------------+-------------+-----
Long Blades    | 3 |  3.8
Armour         | 1 |  1.1
Fighting       | |  2.3
Throwing       | |  1.5
Dodging        | |  3.8
Spellcasting   | |  0.9

Action                   |  1- 3 |  4- 6 || total
-------------------------+-------+-------++-------
Melee: Long sword        |   116 |    81 ||   197
Throw: Throwing net      |     5 |       ||     5
  Use: Potion            |     1 |       ||     1
       Scroll            |     1 |     3 ||     4
 Stab: Held in net/web   |     1 |       ||     1
       Distracted        |       |     2 ||     2
Armor: Leather armour    |    42 |    31 ||    73
Dodge: Dodged            |    94 |    54 ||   148
       Rpst.: Long sword |    28 |    24 ||    52

Table legend: (Time is in decaauts)
 A = Elapsed time spent in this place.
 B = Non-inter-level travel time spent in this place.
 C = Inter-level travel time spent in this place.
 D = Time resting spent in this place.
 E = Time spent auto-exploring this place.
 F = Levels seen in this place.
 G = Mean time per level.
                   A        B        C        D        E       F      G
               +--------+--------+--------+--------+--------+-----+--------+
         Total |   3221 |   3055 |    166 |   1165 |   1091 |   3 | 1073.7 |
       Dungeon |   3221 |   3055 |    166 |   1165 |   1091 |   3 | 1073.7 |
               +--------+--------+--------+--------+--------+-----+--------+

Top non-repeatable levels by time:
     D:1: 1924 daAuts
     D:2: 1118 daAuts
     D:3: 178 daAuts
